 Dungeon Crawl Stone Soup version 0.18-a0-1064-gd132116 (webtiles) character file.

2121 sugabear the Cudgeler (level 9, -2/46 HPs)
             Began as a Vine Stalker Gladiator on Jan 12, 2016.
             Was a Follower of Qazlal.
             Slain by an orc warrior
             ... wielding a +0 war axe
              (18 damage)
             ... on level 6 of the Dungeon on Jan 13, 2016.
             The game lasted 00:08:54 (5895 turns).

sugabear the Cudgeler (Vine Stalker Gladiator)      Turns: 5895, Time: 00:08:54

Health: -2/46      AC:  7    Str: 19    XL:     9   Next: 29%
Magic:  0/12       EV: 15    Int:  8    God:    Qazlal [*.....]
Gold:   437        SH:  2    Dex: 17    Spells: 0 memorised, 8 levels left

rFire  . . .     SeeInvis .     a - +0 flail
rCold  . . .     Gourm    .     o - +0 ring mail
rNeg   . . .     Faith    .     (no shield)
rPois  .         Spirit   +     c - +0 helmet
rElec  .         Dismiss  .     (no cloak)
rCorr  .         Reflect  .     (no gloves)
SustAt .         Harm     .     (no boots)
MR     +....                    (no amulet)
Stlth  +.........               (no ring)
                                (no ring)

@: somewhat resistant to hostile enchantments, very unstealthy
A: fangs 3, regeneration 2, magic shield, antimagic bite, no device heal 3, rot
immunity
a: Renounce Religion


You were on level 6 of the Dungeon.
You worshipped Qazlal.
Qazlal was aware of your devotion.
You were not hungry.

You visited 2 branches of the dungeon, and saw 8 of its levels.

You collected 437 gold pieces.

Inventory:

Hand Weapons
 a - a +0 flail (weapon)
Missiles
 d - 4 throwing nets (quivered)
Armour
 b - a +0 leather armour
 c - a +0 helmet (worn)
 o - a +0 ring mail (worn)
Jewellery
 y - an uncursed amulet of regeneration {unknown}
 z - a +4 ring of evasion {unknown}
Wands
 u - a wand of paralysis (18/24)
 A - a wand of slowing (13/48)
 B - a wand of frost (22/48)
Scrolls
 h - 2 scrolls of amnesia {unknown}
 j - 2 scrolls of recharging {unknown}
 l - 2 scrolls of remove curse {unknown}
 m - 5 scrolls of teleportation {unknown}
 n - a scroll of immolation {unknown}
 q - 6 scrolls of identify {unknown}
 w - a scroll of enchant weapon {unknown}
 D - 2 scrolls of fog {unknown}
 E - a scroll of noise {unknown}
 F - a scroll of blinking {unknown}
 I - 2 scrolls of random uselessness {unknown}
Potions
 e - a potion of magic {unknown}
 g - 3 potions of heal wounds {unknown}
 i - 3 potions of degeneration {unknown}
 p - 2 potions of flight {unknown}
 s - 5 potions of curing {unknown}
 x - a potion of resistance {unknown}
 C - 3 potions of poison {unknown}
 H - a potion of cancellation {unknown}
Comestibles
 f - 7 bread rations
 k - 2 beef jerkies
 r - 2 slices of pizza
 t - 3 chunks of flesh
 v - 4 meat rations
 G - 4 fruits


   Skills:
 + Level 4.3 Fighting
 + Level 6.0 Maces & Flails
 + Level 1.8 Throwing
 + Level 4.7 Armour
 + Level 5.9 Dodging
 * Level 3.3 Invocations


You had 8 spell levels left.
You didn't know any spells.

Dungeon Overview and Level Annotations

Branches:
Dungeon (7/15)             Temple (1/1) D:5

Altars:
Ashenzari
Cheibriados
Dithmenos
Elyvilon
Fedhas
Gozag
Kikubaaqudgha
Makhleb
Nemelex Xobeh
Okawaru
Pakellas
Qazlal
Ru
Sif Muna
Trog
Vehumet
Xom
Yredelemnul
Zin
The Shining One


Innate Abilities, Weirdness & Mutations

You have razor-sharp teeth.
You heal very quickly.
When hurt, damage is shared between your health and your magic reserves.
Your bite disrupts and absorbs the magic of your enemies.
Potions and wands cannot restore your health.
You are immune to rotting.


Message History

HP restored.
You climb downwards.
The orc warrior completely misses you.
The orc wizard casts a spell.
The orc wizard seems to speed up.
The orc priest calls down the wrath of Beogh upon you.
Something smites you!
There is a stone staircase leading up here.
The orc warrior hits you with a war axe!!
The orc priest mumbles some strange prayers to Beogh against you.
Something smites you!
You climb upwards.
There is a stone staircase leading down here.
You hit the orc warrior.
The orc warrior is lightly wounded.
The orc warrior closely misses you.
You closely miss the orc warrior.
You bite the orc warrior, but do no damage.
The orc warrior is lightly wounded.
The orc warrior hits you with a war axe!!
You die...

####P..♣P.. ##..P..≈≈≈♣P
###..P..≈≈♣≈≈♣ #############
#...P..♣≈≈≈≈≈♣
#...........#######...P.P))≈≈♣≈P
##.....#####.##.##.#..P....)♣.≈..
#.......####.#..##....♣..))♣≈...P
#.......##....##o.##.....P.....P.
#.......##.#.###@.##..........#..
#.#.....##.#....##...............
#.....<......##.##.#...)......###
.....)................).......#
......................)###.####
....).[##.#(##....#.#..# #.#
≈≈≈.......#.#..####'#### #(######
≈8≈≈.######.#..#≈≈≈.≈≈≈###.).....
###### #.#.##≈.....≈#.(..)....


You could see an orc warrior.

Vanquished Creatures
  An orc warrior (D:5)
  An ice beast (D:6)
  2 ogres (D:6)
  4 phantoms
  3 centaurs (D:6)
  The ghost of MetaCosm the Grasshopper, an amateur SpWr (D:3)
  A giant frog (D:6)
  A water moccasin zombie (D:7)
  A scorpion (D:5)
  A centaur zombie (D:5)
  6 crimson imps
  A jelly (D:6)
  A hound (D:4)
  A giant frog skeleton (D:4)
  An orc priest (D:6)
  A centaur skeleton (D:7)
  2 orc wizards
  An iguana (D:5)
  3 worker ants
  A worker ant zombie (D:7)
  8 gnolls (D:6)
  19 adders
  4 shadow imps
  3 oozes (D:3)
  An adder skeleton (D:5)
  3 worms
  5 giant geckos
  17 orcs
  3 bats
  6 giant cockroaches
  5 goblins
  5 hobgoblins
  A quokka (D:3)
  7 giant newts
  A jackal skeleton (D:6)
  6 kobolds
  2 rats (D:3)
130 creatures vanquished.

Notes
Turn   | Place    | Note
--------------------------------------------------------------
     0 | D:1      | sugabear the Vine Stalker Gladiator began the quest for the Orb.
     0 | D:1      | Reached XP level 1. HP: 11/11 MP: 2/2
    51 | D:1      | Reached XP level 2. HP: 10/15 MP: 3/3
   688 | D:1      | Reached skill level 3 in Maces & Flails
   760 | D:2      | Found a shimmering altar of Xom.
   898 | D:2      | Reached XP level 3. HP: 18/18 MP: 4/4
  1110 | D:2      | Reached XP level 4. HP: 23/23 MP: 5/5
  1227 | D:2      | Found a glowing golden altar of the Shining One.
  1505 | D:3      | Found an oddly glowing altar of Pakellas.
  1657 | D:3      | Found an opulent altar of Gozag.
  1664 | D:3      | Reached skill level 1 in Armour
  1797 | D:3      | Found a bloodstained altar of Trog.
  2110 | D:3      | Noticed a phantom
  2167 | D:3      | Killed a phantom
  2167 | D:3      | Reached XP level 5. HP: 12/27 MP: 4/6
  2294 | D:3      | Noticed MetaCosm's ghost (amateur SpWr)
  2496 | D:3      | Found an oddly glowing altar of Pakellas.
  2499 | D:3      | Found an opulent altar of Gozag.
  2569 | D:3      | Killed MetaCosm's ghost
  2569 | D:3      | Gained mutation: You heal very quickly. [Vine Stalker growth]
  2569 | D:3      | Reached XP level 6. HP: 9/32 MP: 2/7
  2710 | D:3      | Found a bloodstained altar of Trog.
  3086 | D:4      | Reached skill level 4 in Maces & Flails
  3408 | D:5      | Entered Level 5 of the Dungeon
  3487 | D:5      | Reached XP level 7. HP: 36/36 MP: 8/8
  3721 | D:5      | Found a glowing silver altar of Zin.
  3990 | D:5      | Found a staircase to the Ecumenical Temple.
  4037 | D:5      | Reached skill level 5 in Maces & Flails
  4071 | Temple   | Entered the Ecumenical Temple
  4122 | Temple   | Became a worshipper of Qazlal Stormbringer
  4297 | D:5      | Found a snail-covered altar of Cheibriados.
  4407 | D:5      | Gained mutation: You have razor-sharp teeth. [Vine Stalker growth]
  4407 | D:5      | Reached XP level 8. HP: 7/40 MP: 9/9
  4615 | D:6      | Reached skill level 1 in Invocations
  4900 | D:6      | Reached skill level 5 in Dodging
  5006 | D:6      | Reached * piety under Qazlal
  5367 | D:6      | Reached XP level 9. HP: 36/45 MP: 10/12
  5382 | D:6      | Found a deep blue altar of Sif Muna.
  5860 | D:6      | Reached skill level 6 in Maces & Flails
  5895 | D:6      | Slain by an orc warrior

Vault maps used:
D:1:      minmay_arrival_three_doors
D:2:      tso_oasis_becter, overflow_temple_1_default, grunt_ministairs_2
D:3:      nicolae_gozag_cash_rules_everything_around_me, bloody_trog,
          grunt_pakellas_salt, first_bread
D:5:      zin_scriptorium, cheibriados_altar_1, minmay_temple_entry_poolview
D:6:      old_standard_altar, minmay_bad_closet, serial_bayou_pond_a,
          moated_statue, st_stairs_7, minivault_11, kennysheep_generic_room_10
D:7:      lemuel_insect_pit, basic_altar, uniq_pikel
Temple:   circular_temple_12

Action                   |  1- 3 |  4- 6 |  7- 9 || total
-------------------------+-------+-------+-------++-------
Melee: Flail             |    54 |   204 |   303 ||   561
Throw: Throwing net      |       |       |     1 ||     1
 Stab: Held in net/web   |       |       |     1 ||     1
  Eat: Chunk             |     1 |     7 |     9 ||    17
